 Dungeon Crawl Stone Soup version 0.20-a0-795-ga03948b (webtiles) character file.

404 M4edhros the Covert (level 6, -7/38 HPs)
             Began as an Octopode Artificer on Mar 1, 2017.
             Mangled by an ogre
             ... wielding a +0 giant club
              (26 damage)
             ... on level 5 of the Dungeon.
             The game lasted 00:04:22 (2730 turns).

M4edhros the Covert (Octopode Artificer)            Turns: 2730, Time: 00:04:22

Health: -7/38      AC:  1    Str: 10 (11) XL:     6   Next: 86%
Magic:  8/8        EV: 13    Int: 12 (13) God:
Gold:   127        SH:  0    Dex: 12 (15) Spells: 5/5 levels left

rFire    . . .     SeeInvis .   p - +9 mace of Qaschiwe {protect, rC+ rN+}
rCold    + . .     Gourm    .   (no shield)
rNeg     + . .     Faith    .   (helmet restricted)
rPois    .         Spirit   .   (no amulet)
rElec    .         Reflect  .   (no ring)
rCorr    .         Harm     .   (no ring)
MR       .....                  (no ring)
Stlth    +++++.....             (no ring)
Regen    0.2/turn               (no ring)
MPRegen  0.2/turn               (no ring)
                                (no ring)
                                (no ring)

@: no status effects
A: almost no armour, stealthy swim, amphibious, 8 rings, constrict 8, camouflage
1, gelatinous body 1
a: no special abilities


You were on level 5 of the Dungeon.
You were hungry.

You visited 1 branch of the dungeon, and saw 6 of its levels.

You collected 127 gold pieces.

Inventory:

Hand Weapons
 a - a +0 short sword
 e - a +0 hunting sling
 m - a +0 blowgun
 p - the +9 mace of Qaschiwe (weapon) {protect, rC+ rN+}
   (You found it on level 6 of the Dungeon)

   It protects the one who uses it against injury (+AC on strike).
   It protects you from cold.
   It protects you from negative energy.
Missiles
 h - 6 curare-tipped needles
 j - 93 stones (quivered)
 n - 16 poisoned needles
Wands
 b - a wand of flame (5/48)
 c - a wand of enslavement (5/24)
 d - a wand of random effects (13/48)
Scrolls
 k - a scroll of amnesia {unknown}
 l - 2 scrolls of identify {unknown}
 o - a scroll of magic mapping {unknown}
Potions
 r - a potion of lignification
 s - 2 potions of brilliance {unknown}
Comestibles
 f - 3 bread rations
 g - a meat ration
 i - 3 fruits
 q - a royal jelly


   Skills:
 - Level 1.0 Fighting
 - Level 1.0 Short Blades
 - Level 2.0 Dodging
 + Level 9.8 Stealth
 - Level 3.2 Evocations


You had 5 spell levels left.
You didn't know any spells.

Dungeon Overview and Level Annotations

Branches:
Dungeon (6/15)
 Temple: D:4-7

Altars:


Innate Abilities, Weirdness & Mutations

You cannot wear most types of armour.
You are very stealthy in the water. (Stealth+)
You are amphibious.
You can wear up to eight rings at the same time.
You can use your tentacles to constrict eight enemies at once.
Your skin changes colour to match your surroundings (Stealth+).
Your rubbery body absorbs attacks. (AC +1, EV +1)


Message History

No target in view!
There is an open door here.
s - 2 red potions An ogre comes into view.
It is wielding a giant club.
You aren't carrying any pieces of jewellery.
Evoke which item? (* to show all) (? for menu, Esc to quit)
Okay, then.
Wield which item (- for none, * to show all)? (? for menu, Esc to quit)
The +9 mace of Qaschiwe {protect, rC+ rN+} goes still.
a - a +0 short sword (weapon)
The helpless ogre fails to defend itself.
You impale the ogre!!
The ogre is almost dead.
The ogre hits you with a giant club!
Wield which item (- for none, * to show all)? (? for menu, Esc to quit)
The +9 mace of Qaschiwe {protect, rC+ rN+} hums with potential!
p - the +9 mace of Qaschiwe (weapon)
{protect, rC+ rN+} The ogre hits you with a giant club!!
Ouch! That really hurt!
You die...

... ... #####.. #.....#
#.....# #.....# #....O#
#...@.# #...... #.....#
#......
#########.....#####.....
#...#....###+##.......#
#.........#..)#.......#
#.........#...#.......#
#.........# ..#.......#
#.....#####
#.#.......#######
#.....#
##.##+#...........


You could see an ogre.

Vanquished Creatures
  A centaur (D:6)
  A crimson imp (D:5)
  A bullfrog skeleton (D:4)
  A quasit (D:5)
  An orc wizard (D:6)
  Terence (D:3)
  Natasha (D:4)
  A worker ant (D:4)
  2 adders
  An ooze (D:4)
  A worm (D:4)
  2 leopard geckos (D:3)
  2 orcs
  2 giant cockroaches
  4 goblins
  A hobgoblin (D:1)
  A quokka (D:6)
  2 bats (D:3)
  A frilled lizard (D:3)
  A jackal skeleton (D:4)
  2 kobolds (D:3)
  3 rats
33 creatures vanquished.

Vanquished Creatures (collateral kills)
  A hound (D:6)
  An orc wizard (D:6)
  An adder (D:3)
  A worm (D:3)
  5 orcs
9 creatures vanquished.

Vanquished Creatures (others)
  An orc priest (D:6)
  An orc wizard (D:6)
  2 orcs (D:4)
4 creatures vanquished.

Grand Total: 46 creatures vanquished

Notes
Turn   | Place    | Note
-------+----------+-------------------------------------------
     0 | D:1      | M4edhros the Octopode Artificer began the quest for the Orb.
     0 | D:1      | Reached XP level 1. HP: 13/13 MP: 3/3
    42 | D:1      | Reached skill level 2 in Stealth
   359 | D:2      | Reached XP level 2. HP: 18/18 MP: 4/4
   371 | D:2      | Reached skill level 3 in Stealth
   788 | D:3      | Reached skill level 4 in Stealth
   906 | D:3      | Noticed a two-headed ogre
   913 | D:3      | Reached XP level 3. HP: 23/23 MP: 5/5
   959 | D:3      | Noticed Terence
   974 | D:3      | Killed Terence
   974 | D:3      | Reached skill level 5 in Stealth
   974 | D:3      | Reached XP level 4. HP: 10/28 MP: 6/6
  1336 | D:4      | Noticed Natasha
  1601 | D:4      | Reached skill level 6 in Stealth
  1612 | D:4      | Reached XP level 5. HP: 11/33 MP: 7/7
  1760 | D:4      | Killed Natasha
  1760 | D:4      | Reached skill level 7 in Stealth
  2075 | D:4      | You fall through a shaft for 2 floors!
  2077 | D:6      | Noticed a centaur
  2114 | D:6      | Reached skill level 8 in Stealth
  2122 | D:6      | Reached XP level 6. HP: 12/38 MP: 8/8
  2125 | D:6      | Killed a centaur
  2125 | D:6      | Reached skill level 9 in Stealth
  2420 | D:6      | Got a faintly glowing mace
  2421 | D:6      | Identified the +9 mace of Qaschiwe {protect, rC+ rN+} (You found it on level 6 of the Dungeon)
  2438 | D:6      | Noticed an orc warrior
  2486 | D:5      | Entered Level 5 of the Dungeon
  2730 | D:5      | Mangled by an ogre

Vault maps used:
D:1:      lemuel_arrival_rhombus
D:3:      uniq_terence
D:4:      uniq_natasha
D:5:      minmay_temple_entry_glass, first_bread, xom_redecorated
D:6:      tgw_trog

Skill      XL: |  1  2  3  4  5  6 |
---------------+-------------------+-----
Stealth        | 2 4 5 6 8 9 |  9.8
Fighting       | |  1.0
Short Blades   | |  1.0
Dodging        | |  2.0
Evocations     | |  3.2

Action                   |  1- 3 |  4- 6 || total
-------------------------+-------+-------++-------
Melee: Short sword       |    38 |    29 ||    67
       Tentacles         |     9 |     9 ||    18
       Constrict         |     4 |     9 ||    13
       Unarmed           |       |    20 ||    20
       Mace              |       |    12 ||    12
Evoke: Wand              |     6 |    16 ||    22
  Use: Potion            |     2 |     3 ||     5
 Stab: Sleeping          |     7 |     4 ||    11
  Eat: Chunk             |       |     5 ||     5
Armor: Skin              |     5 |    77 ||    82
Dodge: Dodged            |    21 |    39 ||    60
